 Dungeon Crawl Stone Soup version 0.22-a0-619-ga0c6fd2 (webtiles) character file.

345 Hebeh the Magician (level 6, -2/32 HPs)
             Began as a Deep Elf Fire Elementalist on July 15, 2018.
             Slain by an adder (5 damage)
             ... on level 7 of the Dungeon.
             The game lasted 00:14:14 (4818 turns).

Hebeh the Magician (Deep Elf Fire Elementalist)     Turns: 4818, Time: 00:14:15

Health: -2/32      AC:  2    Str:  5    XL:     6   Next: 32%
Magic:  15/15      EV: 13    Int: 22    God:
Gold:   152        SH:  0    Dex: 15    Spells: 6/15 levels left

rFire    . . .     SeeInvis .   f - +0 short sword
rCold    . . .     Gourm    .   (no shield)
rNeg     . . .     Faith    .   a - +0 robe
rPois    .         Spirit   .   (no helmet)
rElec    .         Reflect  .   (no cloak)
rCorr    .         Harm     .   (no gloves)
MR       .....                  (no boots)
Stlth    ++........             (no amulet)
HPRegen  0.10/turn              s - ring of wizardry
MPRegen  0.14/turn              (no ring)

@: no status effects
A: no striking features
a: no special abilities


You were on level 7 of the Dungeon.
You were not hungry.

You visited 1 branch of the dungeon, and saw 5 of its levels.

You collected 152 gold pieces.

Inventory:

Hand Weapons
 f - a +0 short sword (weapon)
Missiles
 b - 66 arrows
 c - 152 stones
 n - a throwing net
 q - 20 sling bullets
 t - 2 tomahawks (quivered)
Armour
 a - a +0 robe (worn)
Jewellery
 s - a ring of wizardry (left hand)
Scrolls
 d - a scroll of identify {unknown}
 h - 4 scrolls of noise {unknown}
 r - a scroll of enchant weapon {unknown}
Potions
 g - 2 potions of heal wounds {unknown}
 i - 2 potions of curing {unknown}
 j - 3 potions of might {unknown}
 k - a potion of brilliance {unknown}
 l - 2 potions of lignification {unknown}
 m - a potion of magic {unknown}
 o - a potion of ambrosia {unknown}
Comestibles
 e - 6 rations


   Skills:
 - Level 2.4 Dodging
 - Level 2.4 Stealth
 + Level 5.1 Spellcasting
 * Level 5.0 Conjurations
 + Level 4.8 Fire Magic


You had 6 spell levels left.
You knew the following spells:

 Your Spells              Type           Power        Failure   Level  Hunger
a - Flame Tongue          Conj/Fire      ####.        1%          1    None
b - Throw Flame           Conj/Fire      ####..       1%          2    None
c - Conjure Flame         Conj/Fire      ####....     1%          3    ##.....
d - Inner Flame           Hex/Fire       ###.....     4%          3    ##.....

Your spell library contained the following spells:

 Spells                   Type           Power        Failure   Level  Hunger
 Fireball                 Conj/Fire      ####......   14%         5    #####..
 Sticky Flame             Conj/Fire      ####....     5%          4    ####...


Dungeon Overview and Level Annotations

Branches:
Dungeon (4/15)
 Temple: D:4-7

Altars:
Gozag
Nemelex Xobeh
Okawaru
The Shining One

Annotations:
D:3 2 transporters, wazuzu's ghost, amateur BaSk


Message History

Deactivating autopickup; reactivate with Ctrl-A.
The orc barely misses you. The orc hits you but does no damage.
The orc misses you.
A wight comes into view. It is wielding an enchanted mace.
A wight comes into view.
It is wielding an enchanted morningstar.
A wight comes into view.
It is wielding a morningstar of freezing.
Found a robe.
An adder comes into view.
The wight barely misses you.
The adder hisses angrily.
The wight hits you with a morningstar of freezing!
The wight freezes you. The wight barely misses you.
The orc hits you but does no damage.
The wight hits you with an enchanted morningstar!
The adder completely misses you.
The wight hits you with an enchanted morningstar!
* * * LOW HITPOINT WARNING * * *
The adder bites you.
You die...

#o# #.# #h#
#.# #.#
######h#####..
#....zz.......
#..oz...####..
#..@S...#
#.....#.#
#.[...#.#
###.###.# #.#
.# #.# .# #.#
...


You could see a black bear, 3 wights, an adder and an orc.

Vanquished Creatures
  A centaur zombie (D:7)
  2 hounds
  Jessica (D:3)
  Natasha (thrice) (D:3)
  5 adders
  2 oozes
  A worm (D:3)
  5 dart slugs
  3 leopard geckos
  4 orcs
  4 giant cockroaches
  5 goblins
  5 hobgoblins
  14 jackals
  10 kobolds
  A quokka (D:2)
  2 ball pythons
  9 bats
  2 frilled lizards (D:3)
  4 rats
83 creatures vanquished.

Notes
Turn   | Place    | Note
-------+----------+-------------------------------------------
     0 | D:1      | Hebeh the Deep Elf Fire Elementalist began the quest for the Orb.
     0 | D:1      | Reached XP level 1. HP: 10/10 MP: 6/6
    68 | D:1      | Reached XP level 2. HP: 15/15 MP: 4/8
   751 | D:1      | Reached XP level 3. HP: 18/19 MP: 3/10
  1388 | D:1      | Learned a level 2 spell: Throw Flame
  1392 | D:1      | Learned a level 3 spell: Conjure Flame
  1396 | D:1      | Learned a level 3 spell: Inner Flame
  1760 | D:2      | Found a glowing golden altar of the Shining One.
  1974 | D:2      | Found a sparkling altar of Nemelex Xobeh.
  2131 | D:2      | Reached XP level 4. HP: 14/24 MP: 7/11
  3277 | D:3      | Noticed Natasha
  3285 | D:3      | Killed Natasha
  3285 | D:3      | Reached XP level 5. HP: 24/28 MP: 2/13
  3331 | D:3      | Noticed Natasha
  3333 | D:3      | Killed Natasha
  3497 | D:3      | Noticed Jessica
  3501 | D:3      | Killed Jessica
  3762 | D:3      | Found a transporter.
  3802 | D:3      | Noticed Natasha
  3807 | D:3      | Killed Natasha
  4180 | D:3      | Found a transporter.
  4185 | D:3      | Noticed wazuzu's ghost (amateur BaSk)
  4227 | D:3      | Found an opulent altar of Gozag.
  4550 | D:4      | Reached XP level 6. HP: 32/32 MP: 11/15
  4618 | D:4      | You fall through a shaft for 3 floors!
  4631 | D:7      | Reached skill level 5 in Spellcasting
  4661 | D:7      | Reached skill level 5 in Conjurations
  4763 | D:7      | Found an iron altar of Okawaru.
  4818 | D:7      | Slain by an adder

Vault maps used:
D:1:      minmay_arrival_arboretum_small
D:2:      nicolae_overflow_hidden_temple, nemelex_dance_club_becter
D:3:      nicolae_gozag_seed_capital, gammafunk_ghost_stat_death, uniq_jessica,
          uniq_natasha
D:4:      first_ration, uniq_robin, uniq_crazy_yiuf_cottage
D:7:      cheibriados_altar_1, okawaru_ov_weapons_minmay, serial_shops,
          nicolae_shop_trees

Skill      XL: |  1  2  3  4  5  6 |
---------------+-------------------+-----
Conjurations   | 2 3 4 5 |  5.0
Spellcasting   | 4 5 |  5.1
Fire Magic     | 4 |  4.8
Dodging        | |  2.4
Stealth        | |  2.4

Action                   |  1- 3 |  4- 6 || total
-------------------------+-------+-------++-------
Throw: Stone             |    53 |    14 ||    67
       Tomahawk          |     8 |    49 ||    57
 Cast: Flame Tongue      |    62 |    80 ||   142
       Throw Flame       |       |     6 ||     6
       Conjure Flame     |       |     1 ||     1
  Eat: Chunk             |     3 |     9 ||    12
Armor: Robe              |     5 |     2 ||     7
Dodge: Dodged            |    44 |    28 ||    72

Table legend:
 A = Spawn XP
 B = Non-spawn XP
 C = Spawn XP percentage of total XP
 D = Spawn monster count
 E = Non-spawn monster count
 F = Spawn count percentage of total count
 G = Total turns spent on level
                    A         B        C        D         E        F      G
               +---------+---------+-------+---------+---------+-------+---------
         Total |       0 |     494 |   0.0 |       0 |      83 |   0.0 |  4818
               +---------+---------+-------+---------+---------+-------+---------
           D:1 |       0 |      67 |   0.0 |       0 |      29 |   0.0 |  1563
           D:2 |       0 |      72 |   0.0 |       0 |      19 |   0.0 |  1478
           D:3 |       0 |     219 |   0.0 |       0 |      30 |   0.0 |  1330
           D:4 |       0 |      46 |   0.0 |       0 |       3 |   0.0 |   247
           D:7 |       0 |      90 |   0.0 |       0 |       2 |   0.0 |   200
               +---------+---------+-------+---------+---------+-------+---------
